 Dungeon Crawl Stone Soup version 0.31-a0-986-g5e6e4ef867 (webtiles) character file.

Game seed: 2155760695416777040

0 AppTheSpectato the Vexing (level 1, -1/10 HPs)
             Began as a Deep Elf Enchanter on Nov 3, 2023.
             Slain by a frilled lizard (2 damage)
             ... on level 1 of the Dungeon.
             The game lasted 00:00:29 (45 turns).

AppTheSpectato the Vexing (Deep Elf Enchanter)        Turns: 45, Time: 00:00:30

Health: -1/10      AC:  2    Str:  5    XL:     1   Next: 8%
Magic:  6/6        EV: 12    Int: 19    God:
Gold:   0          SH:  0    Dex: 15    Spells: 6/6 levels left

rFire   . . .        a - +1 dagger
rCold   . . .        (no shield)
rNeg    . . .        b - +0 robe
rPois   .            (no helmet)
rElec   .            (no cloak)
rCorr   .            (no gloves)
SInv    .            (no boots)
Will    .....        (no amulet)
Stlth   ++           (no ring)
HPRegen 0.21/turn    (no ring)
MPRegen 0.10/turn

%: no passive effects
@: no status effects
A: no striking features
a: no special abilities


You were on level 1 of the Dungeon.
You visited 1 branch of the dungeon, and saw 1 of its levels.

Inventory:

Hand Weapons
 a - a +1 dagger (weapon)
Armour
 b - a +0 robe (worn)
Jewellery
 d - a ring of poison resistance
Potions
 c - 2 potions of invisibility


   Skills:
 + Level 1.0 Short Blades
 + Level 2.4 Dodging
 + Level 3.6 Stealth
 + Level 3.0 Spellcasting
 + Level 4.0 Hexes


You had 6 spell levels left.
You didn't know any spells.
Your spell library contained the following spells:

 Spells                   Type           Power      Damage    Failure   Level
 Confusing Touch          Hex            18%        N/A       9%          3
 Tukima's Dance           Hex            18%        N/A       9%          3
 Ensorcelled Hibernation  Hex/Ice        20%        N/A       10%         2
 Dazzling Flash           Conj/Hex       20%        N/A       21%         3


Dungeon Overview and Level Annotations

Branches:
Dungeon (1/15)

Altars:


Message History

The teleport trap disappears.
The bat disappears!
The bat reappears nearby!
You hit the endoplasm.
The endoplasm is heavily wounded.
The bat closely misses you.
The endoplasm hits you but does no damage.
The goblin closely misses you. The rat bites you. The bat barely misses you.
You hit the endoplasm.
The endoplasm is severely wounded.
The bat closely misses you. The endoplasm hits you.
The goblin completely misses you. The rat misses you.
You are too injured to fight recklessly!
You are too injured to fight recklessly!
You are too injured to fight recklessly!
Sorry, you're not good enough to have a special ability.
Okay, then.
The bat hits you but does no damage.
The endoplasm attacks as it pursues you!
The endoplasm closely misses you. The rat bites you. The bat barely misses you.
The bat closely misses you.
You hit the bat but do no damage. The bat hits you but does no damage. x2
A kobold comes into view. It is wielding a +0 dagger.
A giant cockroach comes into view.
You completely miss the bat. The bat hits you. x2
* * * LOW HITPOINT WARNING * * *
The endoplasm hits you.
* * * LOW HITPOINT WARNING * * *
The rat closely misses you. The bat closely misses you.
You closely miss the rat. The bat barely misses you. x2
The endoplasm closely misses you. The rat bites you but does no damage.
You hit the rat but do no damage. The bat hits you but does no damage.
The endoplasm hits you.
* * * LOW HITPOINT WARNING * * *
The rat closely misses you.
You hit the rat.
You kill the rat!
The bat closely misses you. The endoplasm closely misses you.
The bat closely misses you.
You closely miss the frilled lizard. The bat barely misses you.
The frilled lizard bites you.
You die...

#........##.#
#.8.8...###.#
#..8...###..#
#.8.8.## #.##
#.....####.###
#######......#
#.......#
#......J######
.....B..l@....#
#.......gb####..#
.........K. #
#.#..###.### ...
### ..


You could see an endoplasm, a giant cockroach, a goblin, a bat, a kobold and a
frilled lizard.

Vanquished Creatures
  A rat (D:1)
1 creature vanquished.

Notes
Turn   | Place    | Note
-------+----------+-------------------------------------------
     0 | D:1      | AppTheSpectato the Deep Elf Enchanter began the quest for
                  | the Orb.
     0 | D:1      | Reached XP level 1. HP: 10/10 MP: 6/6
    45 | D:1      | Slain by a frilled lizard

Illustrated notes

Levels and vault maps discovered:
D:1:      ncdulo_halloftheorcs, layout_rooms, basic_ecumenical_altar,
          minivault_26, minmay_indecisive_spiral

Action                     || total
---------------------------++-------
  Melee: Dagger            ||    11
 Armour: Robe              ||    18
  Dodge: Dodged            ||    20

Table legend: (Time is in decaauts)
 A = Elapsed time spent in this place.
 B = Non-inter-level travel time spent in this place.
 C = Inter-level travel time spent in this place.
 D = Time resting spent in this place.
 E = Time spent auto-exploring this place.
 F = Levels seen in this place.
 G = Mean time per level.
                   A        B        C        D        E       F      G
               +--------+--------+--------+--------+--------+-----+--------+
         Total |     44 |     44 |      0 |      0 |     24 |   1 |   44.0 |
       Dungeon |     44 |     44 |      0 |      0 |     24 |   1 |   44.0 |
               +--------+--------+--------+--------+--------+-----+--------+

Top non-repeatable levels by time:
     D:1: 44 daAuts
